 Dungeon Crawl Stone Soup version 0.31-a0-1626-g5cb510d322 (webtiles) character file.

Game seed: 12935411209790719727

1800 Pooter the Cleaver (level 8, 0/66 (73) HPs)
             Began as a Minotaur Berserker on Jan 13, 2024.
             Was a Follower of Trog.
             Slain by a wight
             ... wielding a +4 mace
              (8 damage)
             ... on level 6 of the Dungeon.
             The game lasted 00:30:05 (7500 turns).

Pooter the Cleaver (Minotaur Berserker)             Turns: 7500, Time: 00:30:06

HP:   0/66 (73)     AC:  5    Str: 24      XL:     8   Next: 83%
MP:   7/7           EV: 12    Int:  4      God:    Trog [*.....]
Gold: 34            SH:  0    Dex:  8 (10) Spells: 7/7 levels left

rFire   + . .        a - +2 morningstar (heavy)
rCold   . . .        (no shield)
rNeg    + . .        f - +2 leather armour {rF+}
rPois   .            (helmet restricted)
rElec   .            (no cloak)
rCorr   .            (no gloves)
SInv    .            (no boots)
Will    +....        (no amulet)
Stlth   +            N - ring of positive energy
HPRegen 0.31/turn    m - ring of willpower
MPRegen 0.10/turn

%: no passive effects
@: on berserk cooldown, slowed, drained, very slow
A: horns 2, retaliatory headbutt
a: Renounce Religion, Berserk


You were on level 6 of the Dungeon.
You worshipped Trog.
Trog was aware of your devotion.
You visited 1 branch of the dungeon, and saw 6 of its levels.

You collected 273 gold pieces.
You spent 239 gold pieces at shops.

Inventory:

Hand Weapons
 a - a +2 heavy morningstar (weapon)
   (You took it off an orc on level 5 of the Dungeon)
 b - a +0 sling of freezing
   (You bought it in a shop on level 3 of the Dungeon)
 z - a +0 hand axe
 B - a +0 scythe
   (You took it off Sigmund on level 5 of the Dungeon)
 D - a +0 trident
   (You took it off an orc on level 5 of the Dungeon)
Missiles
 c - 6 javelins
 j - 15 poisoned darts (quivered)
 u - 7 boomerangs
 x - 2 throwing nets {!f}
 Q - 39 stones
Armour
 f - a +2 leather armour of fire resistance (worn)
   (You took it off Eustachio on level 4 of the Dungeon)
 k - a +2 robe of willpower
   (You found it on level 2 of the Dungeon)
Jewellery
 m - a ring of willpower (right hand)
   (You found it on level 3 of the Dungeon)
 N - a ring of positive energy (left hand)
   (You found it on level 2 of the Dungeon)
Wands
 A - a wand of charming (8)
   (You found it on level 5 of the Dungeon)
Scrolls
 e - 2 scrolls of noise {unknown}
 g - a scroll of poison {unknown}
 h - a scroll of enchant armour
 r - a scroll of immolation {!r}
 t - 3 scrolls of teleportation {@r4}
 v - a scroll of fog
 y - a scroll of enchant weapon {unknown}
 C - a scroll of brand weapon {unknown}
Potions
 d - a potion of invisibility {unknown}
 i - a potion of magic {unknown}
 l - 2 potions of haste {unknown}
 n - 4 potions of curing {@q1}
 o - a potion of heal wounds {unknown}
 p - 2 potions of cancellation {unknown}
 q - 3 potions of brilliance {unknown}
 s - a potion of attraction {unknown}


   Skills:
 + Level 7.1 Fighting
 - Level 8.8(9.0) Axes
 * Level 3.0(6.3) Maces & Flails
 * Level 6.6 Ranged Weapons
 - Level 2.4 Armour
 - Level 4.5 Dodging


You had 7 spell levels left.
You didn't know any spells.
Your spell library was empty.

Dungeon Overview and Level Annotations

Branches:
Dungeon (6/15) Zot: 26467
 Temple: D:4-7

Altars:
Hepliaklqana
Makhleb

Shops:
D:2 ([[   D:3 **!?=   D:5 ?


Innate Abilities, Weirdness & Mutations

You have a pair of horns on your head.
You reflexively headbutt those who attack you in melee.


Message History

You feel yourself moving faster!
You feel mighty!
You can no longer call upon Trog for regeneration and willpower.
You puncture the wight! Your punch misses the wight. The wight misses you.
You bludgeon the wight!!
You destroy the wight!
Trog accepts your kill. The wight hits you with a +0 falchion!
You partially resist.
You feel drained.
You feel your dexterity returning.
Your life force feels restored.
You sock the wight! The wight closely misses you. You furiously retaliate!
You headbutt the wight!
You destroy the wight!
Trog accepts your kill.
Your base Maces & Flails skill increases to level 3!
A wight comes into view. It is wielding a +4 mace.
Items here: )) [[.
A wight comes into view. It is wielding a +0 short sword.
You feel a strong urge to attack something.
You are no longer berserk.
You are exhausted.
You feel yourself slow down. The wight hits you with a +4 mace!
You closely miss the wight.
You headbutt the wight, but do no damage.
The wight closely misses you. The wight completely misses you.
The wight hits you with a +4 mace! You partially resist.
You feel drained.
You barely miss the wight.
You headbutt the wight, but do no damage.
The wight hits you with a +4 mace! You partially resist.
You feel drained. The wight hits you with a +4 mace.
* * * LOW HITPOINT WARNING * * *
You are too injured to fight recklessly!
You are too injured to fight recklessly!
You are too injured to fight recklessly!
You are too injured to fight recklessly!
You closely miss the wight. The wight barely misses you.
The wight hits you with a +4 mace.
* * * LOW HITPOINT WARNING * * *
You partially resist.
You feel drained.
* * * LOW HITPOINT WARNING * * *
The wight hits you with a +4 mace.
* * * LOW HITPOINT WARNING * * *
You partially resist.
You feel drained.
You hit the wight. The wight hits you with a +4 mace.
* * * LOW HITPOINT WARNING * * *
You partially resist.
You feel drained. The wight barely misses you. The wight misses you.
You hit the wight. The wight hits you with a +4 mace!
* * * LOW HITPOINT WARNING * * *
You partially resist.
You feel drained. The wight hits you with a +4 mace!
You die...

#############
##...........#
#.#######...########.#
#...........# #.#
.#.###.#...# #.#
#.##### #.# # ##)##
#.# ###.##...#### #.#
#..zz@.......# #.#
#.#.##...###.# #.# #
##.## ######.# .#.# #
#......# #
#.##.##......#
#...........#
##.##......# #
#......# ###.##.#


You could see 2 wights.

Vanquished Creatures
  Sigmund (D:5)
  Eustachio (D:4)
  A sky beast (D:5)
  A black bear (D:5)
  4 ogres
  A phantom (D:5)
  4 scorpions
  2 wights (D:6)
  3 hounds
  5 iguanas
  Jessica (D:2)
  Natasha (thrice) (D:2)
  4 orc wizards
  8 adders
  2 dart slugs
  10 orcs
  5 ball pythons
  6 bats
  6 endoplasms
  3 giant cockroaches
  6 hobgoblins
  2 jackals (D:2)
  6 kobolds
  3 quokkas
  9 goblins
  3 rats
100 creatures vanquished.

Notes
Turn   | Place    | Note
-------+----------+-------------------------------------------
     0 | D:1      | Pooter the Minotaur Berserker began the quest for the Orb.
     0 | D:1      | Reached XP level 1. HP: 19/19 MP: 0/0
   242 | D:1      | Reached XP level 2. HP: 25/27 MP: 1/1
   274 | D:1      | Reached skill level 4 in Axes
  1312 | D:2      | Reached XP level 3. HP: 17/33 MP: 2/2
  1387 | D:2      | Noticed Natasha
  1545 | D:2      | Killed Natasha
  1626 | D:2      | Noticed Natasha
  1638 | D:2      | Killed Natasha
  1639 | D:2      | Reached XP level 4. HP: 40/40 MP: 3/3
  1685 | D:2      | Found a faded altar of an unknown god.
  1703 | D:2      | Found Baashyamm's Armour Emporium.
  1745 | D:2      | Found Navailaec's Antique Armour Emporium.
  1800 | D:2      | Found Kesocki's Weapon Shop.
  1930 | D:2      | Reached ** piety under Trog
  1971 | D:2      | Noticed Natasha
  1982 | D:2      | Killed Natasha
  1983 | D:2      | Reached skill level 5 in Axes
  2172 | D:2      | Noticed Jessica
  2177 | D:2      | Killed Jessica
  2178 | D:2      | Reached XP level 5. HP: 43/47 MP: 4/4
  2250 | D:3      | Found Piny's Assorted Antiques.
  2254 | D:3      | Found Moonaq's Assorted Antiques.
  2256 | D:3      | Bought a scroll labelled NISARA EBETEIL for 29 gold pieces
  2315 | D:3      | Found Inkoh's Distillery.
  2663 | D:3      | Found Biarow's Magic Scroll Shoppe.
  2838 | D:3      | Found Byix's Jewellery Shop.
  3437 | D:3      | Bought a runed sling for 130 gold pieces
  3898 | D:4      | Found a hazy altar of Hepliaklqana.
  3898 | D:4      | Found a burning altar of Makhleb.
  3939 | D:5      | Entered Level 5 of the Dungeon
  3939 | D:5      | Noticed Eustachio
  3939 | D:5      | Noticed an ogre
  3939 | D:5      | Noticed an ogre
  4306 | D:4      | Killed an ogre
  4307 | D:4      | Reached skill level 5 in Fighting
  4307 | D:4      | Reached skill level 6 in Axes
  4307 | D:4      | Reached skill level 1 in Ranged Weapons
  4307 | D:4      | Reached XP level 6. HP: 56/56 MP: 5/5
  4586 | D:5      | Noticed a sky beast
  4596 | D:5      | Reached XP level 7. HP: 10/61 MP: 6/6
  4934 | D:5      | Reached skill level 7 in Axes
  6175 | D:5      | Noticed Sigmund
  6179 | D:5      | Killed Sigmund
  6313 | D:5      | Found Paorroc's Magic Scroll Emporium.
  6328 | D:5      | Reached skill level 8 in Axes
  6328 | D:5      | Reached XP level 8. HP: 70/70 MP: 7/7
  6342 | D:5      | Reached skill level 5 in Ranged Weapons
  6644 | D:5      | Bought a scroll of identify for 26 gold pieces
  6738 | D:4      | Killed Eustachio
  6883 | D:3      | Bought a scroll of identify for 28 gold pieces
  7114 | D:6      | Reached skill level 1 in Maces & Flails
  7297 | D:3      | Bought a black potion for 26 gold pieces
  7500 | D:6      | Slain by a wight

Illustrated notes

Levels and vault maps discovered:
D:1:      elethiomel_arrival_infinity_welcomes_careful_drivers, layout_basic,
          nrook_uturn, serial_bayou_lagoon_a
D:2:      layout_basic, hellmonk_ecumenical_altar_heavens_door, serial_shops,
          nicolae_shop_gibbet_a_chance, nicolae_shop_waterfront, shop,
          minivault_25, kennysheep_boxes, uniq_jessica, uniq_natasha
D:3:      layout_basic, serial_shops, nicolae_shop_advertising_works
          [nicolae_subvault_shop_adworks], shop, shop, nicolae_shop_crystal,
          nicolae_shop_industrial_runoff
D:4:      layout_basic, amethyst_overflow_temple_binary
D:5:      layout_rooms, serial_shops, nicolae_shop_window_shopping,
          uniq_eustachio, uniq_sigmund
D:6:      layout_loops_ring, minmay_temple_entry_large_hall

Skill      XL: |  1  2  3  4  5  6  7  8 |
---------------+-------------------------+-----
Axes           | 4 5 6 8 |  8.8
Dodging        | 3 4 |  4.5
Fighting       | 4 5 6 7 |  7.1
Ranged Weapons | 1 2 4 6 |  6.6
Maces & Flails | 3 |  3.0
Armour         | |  2.4

Action                     |  1- 3 |  4- 6 |  7- 9 || total
---------------------------+-------+-------+-------++-------
  Melee: Hand axe          |    54 |   108 |    12 ||   174
         Headbutt          |     5 |    15 |    16 ||    36
         Punch             |     1 |     1 |     1 ||     3
         Trident           |       |       |     8 ||     8
         Halberd           |       |       |    48 ||    48
         Morningstar       |       |       |    26 ||    26
   Fire: Sling             |       |     4 |    15 ||    19
  Throw: Stone             |       |    11 |       ||    11
         Dart              |       |     7 |     4 ||    11
 Invoke: Berserk           |     2 |     6 |     7 ||    15
         Trog's Hand       |       |     1 |       ||     1
    Use: Scroll            |     1 |     2 |     5 ||     8
 Armour: Animal skin       |    33 |     1 |       ||    34
         Robe              |       |    76 |   101 ||   177
         Leather armour    |       |       |    40 ||    40
  Dodge: Dodged            |    34 |    78 |   115 ||   227

Table legend: (Time is in decaauts)
 A = Elapsed time spent in this place.
 B = Non-inter-level travel time spent in this place.
 C = Inter-level travel time spent in this place.
 D = Time resting spent in this place.
 E = Time spent auto-exploring this place.
 F = Levels seen in this place.
 G = Mean time per level.
                   A        B        C        D        E       F      G
               +--------+--------+--------+--------+--------+-----+--------+
         Total |   7699 |   6950 |    749 |   2357 |   3609 |   6 | 1283.2 |
       Dungeon |   7699 |   6950 |    749 |   2357 |   3609 |   6 | 1283.2 |
               +--------+--------+--------+--------+--------+-----+--------+

Top non-repeatable levels by time:
     D:4: 2977 daAuts
     D:1: 1307 daAuts
     D:5: 1081 daAuts
     D:2: 1017 daAuts
     D:3: 919 daAuts
     D:6: 396 daAuts
